[Event "GambitGuide"]
[Site "Internet Chess Club"]
[Date "2014.10.31"]
[Round "1"]
[White "JSBach"]
[Black "nsideurheadbro"]
[Result "1-0"]
[ICCResult "Black resigns"]
[WhiteElo "1625"]
[BlackElo "1184"]
[Opening "Vienna: `Frankenstein-Dracula' variation"]
[ECO "C27"]
[NIC "VG.02"]
[Time "13:00:33"]
[TimeControl "120+12"]

1. e4 e5 2. Nc3 Nf6 3. Bc4 Nxe4 4. Qh5 Nd6 5. Bb3 Nc6 6. Nb5 g6 7. Qf3 f5 8.
Qd5 Qe7 9. Nxc7+ Kd8 10. Nxa8 b6 11. d3 Bb7 12. Nxb6 Nd4 13. Bg5 Qxg5 14.
Qxe5 Nxb3 15. axb3 axb6 16. Qxh8 Qxg2 17. Ra7 Ke7 18. Qxh7+ Ke8 19. b4 Qxh1
20. Qxg6+ Kd8 21. Qg8 Ke7 22. Qh7+ Kd8 23. Qg8 Kc7 24. h3 Be7 25. Kd1 Bh4
26. Ra3 Bxf2 27. Rc3+ Bc6 28. Rxc6+ Kxc6 29. Qa8+ Nb7 30. Qc8+ Kd6 31. Qb8+
Ke7 32. Qe5+ Kd8 33. Qb8+ Ke7 34. Qe5+ Kd8 35. Qb8+ Ke7 36. Qe5+ Kf7 37.
Qxf5+ Kg7 38. Qxf2 Qd5 39. Qxb6 Nd6 40. Qc5 Qe6 41. h4 Qg4+ 42. Kc1 Qg3 43.
Qg5+ Qxg5+ 44. hxg5 Kg6 45. Nf3 Nf5 46. b5 Nd6 47. b6 Nb7 48. b4 d5 49. c4
dxc4 50. dxc4 Kf5 51. c5 Nd8 52. Nd4+ Kxg5 53. c6 {Black resigns} 1-0

[Event "GambitGuide"]
[Site "Internet Chess Club"]
[Date "2014.10.31"]
[Round "1"]
[White "JSBach"]
[Black "ram75"]
[Result "1-0"]
[ICCResult "Black resigns"]
[WhiteElo "1625"]
[BlackElo "1209"]
[Opening "Vienna: `Frankenstein-Dracula' variation"]
[ECO "C27"]
[NIC "VG.02"]
[Time "13:04:40"]
[TimeControl "120+12"]

1. e4 e5 2. Nc3 Nf6 3. Bc4 Nxe4 4. Qh5 Nd6 5. Bb3 Nc6 6. Nb5 g6 7. Qf3 f5 8.
Qd5 Qe7 9. Nxc7+ Kd8 10. Nxa8 b6 11. d3 Bg7 12. Nh3 h6 13. Ba4 Bb7 14. Nxb6
axb6 15. Qb3 Kc7 16. O-O e4 17. Nf4 Qh4 18. Nxg6 {Black resigns} 1-0

[Event "GambitGuide"]
[Site "Internet Chess Club"]
[Date "2014.10.31"]
[Round "1"]
[White "JSBach"]
[Black "lrsrihari"]
[Result "1-0"]
[ICCResult "Black resigns"]
[WhiteElo "1625"]
[BlackElo "1738"]
[Opening "Vienna: `Frankenstein-Dracula' variation"]
[ECO "C27"]
[NIC "VG.02"]
[Time "13:03:04"]
[TimeControl "120+12"]

1. e4 e5 2. Nc3 Nf6 3. Bc4 Nxe4 4. Qh5 Nd6 5. Bb3 Nc6 6. Nb5 g6 7. Qf3 f5 8.
Qd5 Qe7 9. Nxc7+ Kd8 10. Nxa8 b6 11. d3 Bb7 12. Nxb6 axb6 13. Qf3 e4 14.
dxe4 Nxe4 15. Be3 Bg7 16. Bxb6+ Kc8 17. Qe3 Bxb2 18. Rb1 Bc3+ 19. Kd1 Qd6+
20. Qd3 Nxf2+ 21. Bxf2 Qxd3+ 22. cxd3 Nb4 23. Rc1 Bxg2 24. Rxc3+ Kb8 25.
Bg3+ Kb7 26. Be5 Re8 27. Rc7+ Kb6 28. Rc4 Nc6 29. Bd4+ Nxd4 30. Rxd4 Bxh1
31. Rxd7 h6 32. Rd6+ Kc7 33. Rxg6 {Black resigns} 1-0

[Event "GambitGuide"]
[Site "Internet Chess Club"]
[Date "2014.10.31"]
[Round "1"]
[White "JSBach"]
[Black "lebko"]
[Result "0-1"]
[ICCResult "White checkmated"]
[WhiteElo "1625"]
[BlackElo "1864"]
[Opening "Vienna: `Frankenstein-Dracula' variation"]
[ECO "C27"]
[NIC "VG.02"]
[Time "13:03:14"]
[TimeControl "120+12"]

1. e4 e5 2. Nc3 Nf6 3. Bc4 Nxe4 4. Qh5 Nd6 5. Bb3 Nc6 6. Nb5 g6 7. Qf3 f5 8.
Qd5 Qe7 9. Nxc7+ Kd8 10. Nxa8 b6 11. d3 Bb7 12. Nxb6 axb6 13. Qf3 Nd4 14.
Qg3 Bg7 15. Bg5 Bf6 16. Bxf6 Qxf6 17. Ba4 b5 18. Bb3 Re8 19. c3 f4 20. Qh3
N4f5 21. a4 e4 22. axb5 exd3+ 23. Kf1 d2 24. Nf3 Ne4 25. Rd1 Qb6 26. Nd4
Nxd4 27. cxd4 Qxb5+ 28. Kg1 Qe2 29. Qh4+ g5 30. Qxg5+ Nxg5 31. h4 Qxd1+ 32.
Bxd1 Re1+ 33. Kh2 Rxh1+ 34. Kxh1 Ne4 35. Kg1 Ke7 36. f3 Nd6 37. Kf2 Nb5 38.
Ke2 Nxd4+ 39. Kxd2 Nf5 40. h5 Nh4 41. b4 Nxg2 42. Ke2 Nh4 43. Kf2 Kf6 44. b5
Ke5 45. Be2 h6 46. Bd1 Nf5 47. b6 Ng7 48. Bb3 Nxh5 49. Bf7 Nf6 50. Bc4 d5
51. Bb5 d4 52. Kf1 Nd5 53. Kf2 Nxb6 54. Bd3 Bd5 55. Bg6 Nc4 56. Ke2 Ne3 57.
Kf2 Nf5 58. Bxf5 Kxf5 59. Ke2 h5 60. Kd3 Ke5 61. Ke2 h4 62. Ke1 h3 63. Kf2
d3 64. Kf1 Bxf3 65. Kf2 Bg4 66. Ke1 Ke4 67. Kf2 d2 68. Kg1 d1=Q+ 69. Kh2
Qe2+ 70. Kg1 Qg2# {White checkmated} 0-1

[Event "GambitGuide"]
[Site "Internet Chess Club"]
[Date "2014.10.31"]
[Round "1"]
[White "JSBach"]
[Black "baggieboy"]
[Result "0-1"]
[ICCResult "White checkmated"]
[WhiteElo "1625"]
[BlackElo "1255"]
[Opening "Vienna: `Frankenstein-Dracula' variation"]
[ECO "C27"]
[NIC "VG.02"]
[Time "12:59:25"]
[TimeControl "120+12"]

1. e4 e5 2. Nc3 Nf6 3. Bc4 Nxe4 4. Qh5 Nd6 5. Bb3 Nc6 6. Nb5 g6 7. Qf3 f5 8.
Qd5 Qe7 9. Nxc7+ Kd8 10. Nxa8 b6 11. d3 Bb7 12. Nxb6 axb6 13. Qf3 Bg7 14.
Be3 Kc7 15. Bd5 Re8 16. c3 e4 17. dxe4 fxe4 18. Qh3 Nf5 19. Rd1 Nxe3 20.
Qxe3 Ne5 21. Bxb7 Nd3+ 22. Rxd3 exd3 23. Ba6 Qf8 24. Bxd3 Rxe3+ 25. fxe3 Bh6
26. e4 Qf4 27. Bc4 Qd2+ 28. Kf1 Be3 29. Be2 Qc1+ 30. Bd1 Qxb2 31. Ne2 Qxa2
32. g3 Qd2 33. Kg2 d5 34. Kf3 dxe4+ 35. Kxe4 Bg5 36. Rf1 Qe3+ 37. Kd5 Qc5+
38. Ke4 Qe3+ 39. Kd5 Kd7 40. Rf7+ Kd8 41. Nd4 Qxc3 42. Ne6+ Ke8 43. Nxg5
Qd3+ 44. Kc6 Qxd1 45. Rxh7 Qd2 46. Rh8+ Ke7 47. Rh7+ Kf8 48. Ne6+ Kg8 49.
Rg7+ Kh8 50. Kc7 Qc3+ 51. Kd6 b5 52. Kd5 b4 53. Rf7 b3 54. Nf4 b2 55. Rf8+
Kg7 56. Ne6+ Kh7 57. Rb8 Qd3+ 58. Ke5 Qe3+ 59. Kf6 Qf3+ 60. Ke7 Qe2 61. Rb6
Qc2 62. Kd6 b1=Q 63. Rxb1 Qxb1 64. Ng5+ Kh6 65. Nf7+ Kg7 66. Ne5 Qd1+ 67.
Ke6 Qe2 68. Kd5 Qxh2 69. g4 Qg3 70. Ke6 Qb3+ 71. Kd6 Kf6 72. Nd7+ Kg5 73.
Ne5 Qd1+ 74. Kc6 Qxg4 75. Nxg4 Kxg4 76. Kd6 Kf4 77. Ke6 g5 78. Kd5 g4 79.
Ke6 g3 80. Kd6 g2 81. Kc5 g1=Q+ 82. Kd5 Qe1 83. Kc5 Qd1 84. Kc4 Ke4 85. Kb5
Qc1 86. Kb4 Kd4 87. Kb5 Qc4+ 88. Kb6 Kd5 89. Ka5 Qb3 90. Ka6 Kc6 91. Ka5
Qb5# {White checkmated} 0-1

[Event "GambitGuide"]
[Site "Internet Chess Club"]
[Date "2014.10.31"]
[Round "1"]
[White "JSBach"]
[Black "ram75"]
[Result "1-0"]
[ICCResult "Black resigns"]
[WhiteElo "1625"]
[BlackElo "1209"]
[Opening "Vienna: `Frankenstein-Dracula' variation"]
[ECO "C27"]
[NIC "VG.02"]
[Time "13:06:15"]
[TimeControl "120+12"]

1. e4 e5 2. Nc3 Nf6 3. Bc4 Nxe4 4. Qh5 Nd6 5. Bb3 Nc6 6. Nb5 g6 7. Qf3 f5 8.
Qd5 Qe7 9. Nxc7+ Kd8 10. Nxa8 b6 11. d3 e4 12. dxe4 Nxe4 13. Be3 Bg7 14.
O-O-O Bb7 15. Bxb6+ axb6 16. Nxb6 Bc8 17. Qxc6 {Black resigns} 1-0

[Event "GambitGuide"]
[Site "Internet Chess Club"]
[Date "2014.10.31"]
[Round "1"]
[White "JSBach"]
[Black "blunderberg"]
[Result "1-0"]
[ICCResult "Black resigns"]
[WhiteElo "1625"]
[BlackElo "1466"]
[Opening "Vienna: `Frankenstein-Dracula' variation"]
[ECO "C27"]
[NIC "VG.02"]
[Time "13:06:30"]
[TimeControl "120+12"]

1. e4 e5 2. Nc3 Nf6 3. Bc4 Nxe4 4. Qh5 Nd6 5. Bb3 Nc6 6. Nb5 g6 7. Qf3 f5 8.
Qd5 Qe7 9. Nxc7+ Kd8 10. Nxa8 b6 11. d3 Bb7 12. Nxb6 axb6 13. Qf3 Nd4 14.
Qg3 Nxb3 15. axb3 Kc7 16. Bg5 Qe6 17. Ra7 Be7 18. Bxe7 Qxe7 19. Nf3 f4 20.
Qg4 Ra8 21. Ra4 Rxa4 22. bxa4 Nf5 23. c3 d6 24. Nd2 g5 25. Qxf5 {Black
resigns} 1-0

[Event "GambitGuide"]
[Site "Internet Chess Club"]
[Date "2014.10.31"]
[Round "1"]
[White "JSBach"]
[Black "Falkentyne"]
[Result "1-0"]
[ICCResult "Black checkmated"]
[WhiteElo "1625"]
[BlackElo "1941"]
[Opening "Vienna: `Frankenstein-Dracula' variation"]
[ECO "C27"]
[NIC "VG.02"]
[Time "13:06:45"]
[TimeControl "120+12"]

1. e4 e5 2. Nc3 Nf6 3. Bc4 Nxe4 4. Qh5 Nd6 5. Bb3 Nc6 6. Nb5 g6 7. Qf3 f5 8.
Qd5 Qe7 9. Nxc7+ Kd8 10. Nxa8 b6 11. d3 Bb7 12. Nxb6 axb6 13. Qf3 e4 14.
dxe4 Nxe4 15. Be3 Qb4+ 16. c3 Nxc3 17. Bg5+ Be7 18. bxc3 Bxg5 19. cxb4 Re8+
20. Kd1 Na5 21. Bd5 Ba6 22. bxa5 Re5 23. axb6 Bf6 24. Rc1 Rxd5+ 25. Qxd5 Be5
26. Qxe5 d6 27. Qxd6+ Ke8 28. Qb8+ Kf7 29. Qa7+ Kf6 30. Qxa6 Kg5 31. b7 Kg4
32. b8=Q f4 33. Qe2+ f3 34. Qxf3+ Kh4 35. Qbf4# {Black checkmated} 1-0

[Event "GambitGuide"]
[Site "Internet Chess Club"]
[Date "2014.10.31"]
[Round "1"]
[White "JSBach"]
[Black "nsideurheadbro"]
[Result "1-0"]
[ICCResult "Black checkmated"]
[WhiteElo "1625"]
[BlackElo "1184"]
[Opening "Vienna: `Frankenstein-Dracula' variation"]
[ECO "C27"]
[NIC "VG.02"]
[Time "13:06:19"]
[TimeControl "120+12"]

1. e4 e5 2. Nc3 Nf6 3. Bc4 Nxe4 4. Qh5 Nd6 5. Bb3 Nc6 6. Nb5 g6 7. Qf3 f5 8.
Qd5 Qe7 9. Nxc7+ Kd8 10. Nxa8 b6 11. d3 Bb7 12. Nxb6 axb6 13. Qf3 Nd4 14.
Qg3 f4 15. Qg4 N6f5 16. Ne2 Bxg2 17. Qxg2 f3 18. Qh3 e4 19. Nxd4 Nxd4 20.
Be3 exd3 21. O-O-O Ne2+ 22. Kb1 dxc2+ 23. Bxc2 Qb4 24. Qxd7# {Black
checkmated} 1-0

[Event "GambitGuide"]
[Site "Internet Chess Club"]
[Date "2014.10.31"]
[Round "1"]
[White "JSBach"]
[Black "Bluecat"]
[Result "1-0"]
[ICCResult "Black resigns"]
[WhiteElo "1625"]
[BlackElo "1310"]
[Opening "Vienna: `Frankenstein-Dracula' variation"]
[ECO "C27"]
[NIC "VG.02"]
[Time "13:03:53"]
[TimeControl "120+12"]

1. e4 e5 2. Nc3 Nf6 3. Bc4 Nxe4 4. Qh5 Nd6 5. Bb3 Nc6 6. Nb5 g6 7. Qf3 f5 8.
Qd5 Qe7 9. Nxc7+ Kd8 10. Nxa8 b6 11. d3 Bb7 12. Nxb6 axb6 13. Qf3 e4 14.
dxe4 Nxe4 15. Be3 Bg7 16. Bxb6+ Kc8 17. Qe3 Re8 18. c3 Qf8 19. Kf1 Bh6 20.
f4 Ba6+ 21. c4 Nd6 22. Qd3 Bxf4 23. Bc5 Re5 24. Bxd6 Re1+ 25. Rxe1
{Black resigns}
1-0

[Event "GambitGuide"]
[Site "Internet Chess Club"]
[Date "2014.10.31"]
[Round "1"]
[White "JSBach"]
[Black "ChijFrioTico"]
[Result "1-0"]
[ICCResult "Black resigns"]
[WhiteElo "1625"]
[BlackElo "1400"]
[Opening "Vienna: `Frankenstein-Dracula' variation"]
[ECO "C27"]
[NIC "VG.02"]
[Time "13:05:55"]
[TimeControl "120+12"]

1. e4 e5 2. Nc3 Nf6 3. Bc4 Nxe4 4. Qh5 Nd6 5. Bb3 Nc6 6. Nb5 g6 7. Qf3 f5 8.
Qd5 Qe7 9. Nxc7+ Kd8 10. Nxa8 b6 11. d3 Bb7 12. Nxb6 axb6 13. Qf3 Nd4 14.
Qg3 f4 15. Qg4 Bh6 16. Ba4 e4 17. Qh3 exd3+ 18. Kf1 Re8 19. Bxf4 Bxf4 20.
Qxd3 Qg5 21. f3 N6f5 22. Nh3 Qh4 23. Nxf4 Qxf4 24. b4 Ne3+ 25. Kg1 Nxg2 26.
Qa3 Nxc2 27. Bxc2 {Black resigns} 1-0

[Event "GambitGuide"]
[Site "Internet Chess Club"]
[Date "2014.10.31"]
[Round "1"]
[White "JSBach"]
[Black "Pdforma"]
[Result "1/2-1/2"]
[ICCResult "Game drawn by repetition"]
[WhiteElo "1625"]
[BlackElo "1400"]
[Opening "Vienna: `Frankenstein-Dracula' variation"]
[ECO "C27"]
[NIC "VG.02"]
[Time "13:07:04"]
[TimeControl "120+12"]

1. e4 e5 2. Nc3 Nf6 3. Bc4 Nxe4 4. Qh5 Nd6 5. Bb3 Nc6 6. Nb5 g6 7. Qf3 f5 8.
Qd5 Qe7 9. Nxc7+ Kd8 10. Nxa8 b6 11. d3 Bb7 12. Nxb6 axb6 13. Qf3 e4 14. Qe3
Kc7 15. d4 Bg7 16. c3 Rf8 17. Qf4 g5 18. Qxg5 Bf6 19. Qg3 h5 20. Bf4 h4 21.
Qg6 b5 22. Bd5 b4 23. Rc1 b3 24. axb3 Na5 25. Qxf5 Bxd5 26. Qxd5 Nc6 27.
Bxd6+ Qxd6 28. Qxe4 Bg5 29. Ra1 Rf4 30. Qe8 Qd5 31. Ne2 Re4 32. Qa8 Rxe2+
33. Kxe2 Qe4+ 34. Kf1 Qd3+ 35. Kg1 Be3 36. fxe3 Qxe3+ 37. Kf1 Qd3+ 38. Ke1
Qe3+ 39. Kf1 Qd3+ 40. Ke1 Qe3+ 41. Kf1 Qd3+ 42. Ke1 Qe3+ 43. Kf1 Qd3+ 44.
Kf2 Qd2+ 45. Kg1 Qe3+ 46. Kf1 {Game drawn by repetition} 1/2-1/2

[Event "GambitGuide"]
[Site "Internet Chess Club"]
[Date "2014.10.31"]
[Round "1"]
[White "JSBach"]
[Black "ChijFrioTico"]
[Result "1-0"]
[ICCResult "Black resigns"]
[WhiteElo "1625"]
[BlackElo "1400"]
[Opening "Vienna: `Frankenstein-Dracula' variation"]
[ECO "C27"]
[NIC "VG.02"]
[Time "13:08:51"]
[TimeControl "120+12"]

1. e4 e5 2. Nc3 Nf6 3. Bc4 Nxe4 4. Qh5 Nd6 5. Bb3 Nc6 6. Nb5 g6 7. Qf3 f5 8.
Qd5 Qe7 9. Nxc7+ Kd8 10. Nxa8 b6 11. d3 Bb7 12. Nxb6 axb6 13. Qf3 f4 14. Bd2
Nd4 15. Qg4 Bh6 16. Bb4 e4 17. Bxd6 Qxd6 18. dxe4 Nxb3 19. axb3 f3 20. Nxf3
{Black resigns}
1-0

[Event "GambitGuide"]
[Site "Internet Chess Club"]
[Date "2014.10.31"]
[Round "1"]
[White "JSBach"]
[Black "blunderberg"]
[Result "1-0"]
[ICCResult "Black resigns"]
[WhiteElo "1625"]
[BlackElo "1466"]
[Opening "Vienna: `Frankenstein-Dracula' variation"]
[ECO "C27"]
[NIC "VG.02"]
[Time "13:07:48"]
[TimeControl "120+12"]

1. e4 e5 2. Nc3 Nf6 3. Bc4 Nxe4 4. Qh5 Nd6 5. Bb3 Nc6 6. Nb5 g6 7. Qf3 f5 8.
Qd5 Qe7 9. Nxc7+ Kd8 10. Nxa8 b6 11. d3 Bb7 12. Nxb6 axb6 13. Qf3 Kc7 14.
Be3 f4 15. Bd2 Nf5 16. Bc3 Bg7 17. Bd5 h5 18. Qe4 Nd6 19. Qa4 Ra8 20. Qb3
Na5 21. Bxa5 Rxa5 22. Bxb7 Kxb7 23. Ne2 e4 24. d4 Rb5 25. Qc3 Nf5 26. O-O
Rd5 27. Qc4 Qd6 28. c3 {Black resigns} 1-0

[Event "GambitGuide"]
[Site "Internet Chess Club"]
[Date "2014.10.31"]
[Round "1"]
[White "JSBach"]
[Black "ram75"]
[Result "1-0"]
[ICCResult "Black checkmated"]
[WhiteElo "1638"]
[BlackElo "1209"]
[Opening "Vienna: `Frankenstein-Dracula' variation"]
[ECO "C27"]
[NIC "VG.02"]
[Time "13:08:32"]
[TimeControl "120+12"]

1. e4 e5 2. Nc3 Nf6 3. Bc4 Nxe4 4. Qh5 Nd6 5. Bb3 Nc6 6. Nb5 g6 7. Qf3 f5 8.
Qd5 Qe7 9. Nxc7+ Kd8 10. Nxa8 b6 11. d3 Qh4 12. Nf3 Qg4 13. Bg5+ Ke8 14.
Nc7# {Black checkmated} 1-0

[Event "GambitGuide"]
[Site "Internet Chess Club"]
[Date "2014.10.31"]
[Round "1"]
[White "JSBach"]
[Black "lrsrihari"]
[Result "0-1"]
[ICCResult "White checkmated"]
[WhiteElo "1638"]
[BlackElo "1738"]
[Opening "Vienna: `Frankenstein-Dracula' variation"]
[ECO "C27"]
[NIC "VG.02"]
[Time "13:06:17"]
[TimeControl "120+12"]

1. e4 e5 2. Nc3 Nf6 3. Bc4 Nxe4 4. Qh5 Nd6 5. Bb3 Nc6 6. Nb5 g6 7. Qf3 f5 8.
Qd5 Qe7 9. Nxc7+ Kd8 10. Nxa8 b6 11. d3 Bb7 12. Nxb6 axb6 13. Qf3 Bg7 14.
Qh3 h6 15. Qg3 g5 16. Be3 Kc7 17. Bd2 f4 18. Qf3 Nd4 19. Qg4 h5 20. Qd1 Bxg2
21. Bd5 Bxd5 22. f3 g4 23. Qb1 gxf3 24. Kf1 f2 25. Ne2 Nxe2 26. Kxe2 Bxh1
27. Qxh1 e4 28. Bxf4 exd3+ 29. Kxd3 Rf8 30. Qf3 Be5 31. Qxh5 Bxf4 32. Qe2
Be5 33. Rf1 Qe6 34. c3 Qc4+ 35. Kd2 Bf4+ 36. Kd1 Qxa2 37. Kc2 Qa4+ 38. Kb1
Re8 39. Qxf2 Qe4+ 40. Qc2 Qc4 41. Rd1 Re2 42. Qg6 Qb3 43. Qxd6+ Bxd6 44. Rd2
Re1+ 45. Rd1 Rxd1# {White checkmated} 0-1

[Event "GambitGuide"]
[Site "Internet Chess Club"]
[Date "2014.10.31"]
[Round "1"]
[White "JSBach"]
[Black "Falkentyne"]
[Result "1-0"]
[ICCResult "Black checkmated"]
[WhiteElo "1661"]
[BlackElo "1941"]
[Opening "Vienna: `Frankenstein-Dracula' variation"]
[ECO "C27"]
[NIC "VG.02"]
[Time "13:08:09"]
[TimeControl "120+12"]

1. e4 e5 2. Nc3 Nf6 3. Bc4 Nxe4 4. Qh5 Nd6 5. Bb3 Nc6 6. Nb5 g6 7. Qf3 f5 8.
Qd5 Qe7 9. Nxc7+ Kd8 10. Nxa8 b6 11. d3 Bb7 12. Nxb6 axb6 13. Qf3 Bg7 14.
Qh3 Nd4 15. Be3 f4 16. Bxd4 exd4+ 17. Kf1 Nf5 18. Ne2 f3 19. gxf3 Nh4 20.
Nf4 Nxf3 21. Bd5 Nd2+ 22. Kg1 Bxd5 23. Nxd5 Qg5+ 24. Qg3 Qxd5 25. Qb8+ Ke7
26. Re1+ Kf7 27. Qf4+ Bf6 28. Qxd2 Bg5 29. Qb4 Bf6 30. Qxb6 Qg5+ 31. Kf1 Qg4
32. Rg1 Qh3+ 33. Rg2 Rc8 34. Qb7 Rxc2 35. Qb3+ Kg7 36. Qxc2 Bg5 37. Qc4 Bd2
38. Re7+ Kh6 39. Qxd4 Qf3 40. Qg7+ Kh5 41. Qxh7+ Bh6 42. Qxg6+ Kh4 43. Qxh6+
Qh5 44. Qxh5+ Kxh5 45. Rh7# {Black checkmated} 1-0

[Event "GambitGuide"]
[Site "Internet Chess Club"]
[Date "2014.10.31"]
[Round "1"]
[White "JSBach"]
[Black "nsideurheadbro"]
[Result "1-0"]
[ICCResult "Black resigns"]
[WhiteElo "1684"]
[BlackElo "1184"]
[Opening "Vienna: `Frankenstein-Dracula' variation"]
[ECO "C27"]
[NIC "VG.02"]
[Time "13:08:31"]
[TimeControl "120+12"]

1. e4 e5 2. Nc3 Nf6 3. Bc4 Nxe4 4. Qh5 Nd6 5. Bb3 Nc6 6. Nb5 g6 7. Qf3 f5 8.
Qd5 Qe7 9. Nxc7+ Kd8 10. Nxa8 b6 11. d3 Bb7 12. Nxb6 axb6 13. Qf3 f4 14. Bd2
Nd4 15. Qg4 e4 16. Kf1 Bh6 17. Bxf4 Bxf4 18. Qxf4 Rf8 19. Qe3 Nxb3 20. Qxb6+
Kc8 21. axb3 exd3 22. cxd3 Qg5 23. f3 Qe5 24. Ra5 Qf4 25. Ne2 Qd2 26. Rc5+
Bc6 27. Rxc6+ dxc6 28. Qxc6+ Kb8 29. Qxd6+ Kb7 30. Kf2 Re8 31. Qd7+
{Black resigns}
1-0

[Event "GambitGuide"]
[Site "Internet Chess Club"]
[Date "2014.10.31"]
[Round "1"]
[White "JSBach"]
[Black "Falkentyne"]
[Result "1-0"]
[ICCResult "Black resigns"]
[WhiteElo "1684"]
[BlackElo "1941"]
[Opening "Vienna: `Frankenstein-Dracula' variation"]
[ECO "C27"]
[NIC "VG.02"]
[Time "13:10:59"]
[TimeControl "120+12"]

1. e4 e5 2. Nc3 Nf6 3. Bc4 Nxe4 4. Qh5 Nd6 5. Bb3 Nc6 6. Nb5 g6 7. Qf3 f5 8.
Qd5 Qe7 9. Nxc7+ Kd8 10. Nxa8 b6 11. d3 Bg7 12. Nh3 Bb7 13. Bg5 Bf6 14. Nxb6
axb6 15. g3 Nb4 16. Qxb7 Nxb7 17. Be3 Kc7 18. a3 Nc6 19. Bd5 f4 20. gxf4
exf4 21. Nxf4 Bg5 22. Be4 Nc5 23. Nd5+ Kd6 24. Nxe7 Bxe3 25. Nxc6 Bxf2+ 26.
Ke2 dxc6 27. Kxf2 {Black resigns} 1-0

[Event "GambitGuide"]
[Site "Internet Chess Club"]
[Date "2014.10.31"]
[Round "1"]
[White "JSBach"]
[Black "Sebbychex"]
[Result "0-1"]
[ICCResult "White checkmated"]
[WhiteElo "1684"]
[BlackElo "1299"]
[Opening "Vienna: `Frankenstein-Dracula' variation"]
[ECO "C27"]
[NIC "VG.02"]
[Time "13:07:07"]
[TimeControl "120+12"]

1. e4 e5 2. Nc3 Nf6 3. Bc4 Nxe4 4. Qh5 Nd6 5. Bb3 Nc6 6. Nb5 g6 7. Qf3 f5 8.
Qd5 Qe7 9. Nxc7+ Kd8 10. Nxa8 b6 11. d3 Bb7 12. Nxb6 axb6 13. Qf3 Nd4 14.
Qg3 f4 15. Qg4 Bg7 16. Ba4 h5 17. Qh3 Nf7 18. Kf1 Ng5 19. Qxd7+ Qxd7 20.
Bxd7 Nxc2 21. Rb1 Kxd7 22. Bd2 Ba6 23. Ne2 Bxd3 24. Rd1 Nd4 25. Re1 f3 26.
Bxg5 fxe2+ 27. Kg1 Nc2 28. Bd2 Nxe1 29. Bxe1 Ra8 30. a3 e4 31. b4 Rxa3 32.
h4 Bc3 33. Kh2 Bxe1 34. Rxe1 Rb3 35. b5 Rb1 36. Rxe2 Bxe2 37. Kg3 Bxb5 38.
Kf4 Bd3 39. g3 b5 40. Ke3 b4 41. f3 Re1+ 42. Kd2 Re2+ 43. Kd1 exf3 44. g4 f2
45. gxh5 f1=Q# {White checkmated} 0-1

[Event "GambitGuide"]
[Site "Internet Chess Club"]
[Date "2014.10.31"]
[Round "1"]
[White "JSBach"]
[Black "nsideurheadbro"]
[Result "1-0"]
[ICCResult "Black resigns"]
[WhiteElo "1690"]
[BlackElo "1184"]
[Opening "Vienna: `Frankenstein-Dracula' variation"]
[ECO "C27"]
[NIC "VG.02"]
[Time "13:12:31"]
[TimeControl "120+12"]

1. e4 e5 2. Nc3 Nf6 3. Bc4 Nxe4 4. Qh5 Nd6 5. Bb3 Nc6 6. Nb5 g6 7. Qf3 f5 8.
Qd5 Qe7 9. Nxc7+ Kd8 10. Nxa8 b6 11. d3 Bb7 12. Nxb6 axb6 13. Qf3 f4 14. Bd2
Qg5 15. Nh3 Qf5 16. g4 e4 17. gxf5 exf3 18. Bc3 Nxf5 19. Bxh8 Bd6 20. Ng5
Ne5 21. Bxe5 Bxe5 22. Nf7+ {Black resigns} 1-0

[Event "GambitGuide"]
[Site "Internet Chess Club"]
[Date "2014.10.31"]
[Round "1"]
[White "JSBach"]
[Black "mysixty4squares"]
[Result "1-0"]
[ICCResult "Black resigns"]
[WhiteElo "1690"]
[BlackElo "1385"]
[Opening "Vienna: `Frankenstein-Dracula' variation"]
[ECO "C27"]
[NIC "VG.02"]
[Time "13:12:56"]
[TimeControl "120+12"]

1. e4 e5 2. Nc3 Nf6 3. Bc4 Nxe4 4. Qh5 Nd6 5. Bb3 Nc6 6. Nb5 g6 7. Qf3 f5 8.
Qd5 Qe7 9. Nxc7+ Kd8 10. Nxa8 b6 11. d3 Bb7 12. Nxb6 axb6 13. Qf3 Kc7 14.
Be3 h5 15. Bd5 Bh6 16. Ne2 Bxe3 17. Qxe3 Na5 18. Bxb7 Naxb7 19. Nf4 Qe6 20.
Nxe6+ {Black resigns} 1-0

[Event "GambitGuide"]
[Site "Internet Chess Club"]
[Date "2014.10.31"]
[Round "1"]
[White "JSBach"]
[Black "mysixty4squares"]
[Result "1-0"]
[ICCResult "Black resigns"]
[WhiteElo "1690"]
[BlackElo "1385"]
[Opening "Vienna: `Frankenstein-Dracula' variation"]
[ECO "C27"]
[NIC "VG.02"]
[Time "13:13:59"]
[TimeControl "120+12"]

1. e4 e5 2. Nc3 Nf6 3. Bc4 Nxe4 4. Qh5 Nd6 5. Bb3 Nc6 6. Nb5 g6 7. Qf3 f5 8.
Qd5 Qe7 9. Nxc7+ Kd8 10. Nxa8 b6 11. d3 Bb7 12. Nxb6 axb6 13. Qf3 Kc7 14.
Be3 h5 15. Bd5 Bh6 16. Bxh6 Rxh6 17. Qe3 Rh7 18. Ne2 Nb5 19. a3 Nbd4 20. Rc1
Qd6 21. Nc3 Kb8 22. Rf1 f4 23. Qe4 Re7 24. Na4 Ka7 25. c3 Nf5 26. c4 Na5 27.
Nc3 Ka6 28. b4 Nc6 29. b5+ {Black resigns} 1-0

[Event "GambitGuide"]
[Site "Internet Chess Club"]
[Date "2014.10.31"]
[Round "1"]
[White "JSBach"]
[Black "mysixty4squares"]
[Result "1-0"]
[ICCResult "Black resigns"]
[WhiteElo "1690"]
[BlackElo "1385"]
[Opening "Vienna: `Frankenstein-Dracula' variation"]
[ECO "C27"]
[NIC "VG.02"]
[Time "13:15:22"]
[TimeControl "120+12"]

1. e4 e5 2. Nc3 Nf6 3. Bc4 Nxe4 4. Qh5 Nd6 5. Bb3 Nc6 6. Nb5 g6 7. Qf3 f5 8.
Qd5 Qe7 9. Nxc7+ Kd8 10. Nxa8 b6 11. d3 Bb7 12. Nxb6 axb6 13. Qf3 Kc7 14.
Bd2 Nd4 15. Qg3 Nxb3 16. axb3 Bg7 17. Nf3 Ra8 18. O-O f4 19. Qh3 Nf5 20.
Rxa8 Bxa8 21. Ra1 Bb7 22. Qxh7 Bf6 23. Qxg6 {Black resigns} 1-0

[Event "GambitGuide"]
[Site "Internet Chess Club"]
[Date "2014.10.31"]
[Round "1"]
[White "JSBach"]
[Black "Falkentyne"]
[Result "0-1"]
[ICCResult "White checkmated"]
[WhiteElo "1690"]
[BlackElo "1941"]
[Opening "Vienna: `Frankenstein-Dracula' variation"]
[ECO "C27"]
[NIC "VG.02"]
[Time "13:12:22"]
[TimeControl "120+12"]

1. e4 e5 2. Nc3 Nf6 3. Bc4 Nxe4 4. Qh5 Nd6 5. Bb3 Nc6 6. Nb5 g6 7. Qf3 f5 8.
Qd5 Qe7 9. Nxc7+ Kd8 10. Nxa8 b6 11. d3 Bg7 12. Nh3 Bb7 13. Bg5 Bf6 14. Nxb6
axb6 15. g3 Nb4 16. Qxb7 Nxb7 17. Be3 Kc7 18. a3 Na6 19. Bd5 Nac5 20. Rd1 f4
21. gxf4 exf4 22. Nxf4 Bxb2 23. d4 Bc3+ 24. Kf1 Ne4 25. Rd3 Ba5 26. Rb3 Nbd6
27. Rg1 Rf8 28. Rg4 Nd2+ 29. Bxd2 Bxd2 30. Nd3 Qf6 31. c4 Nf5 32. Re4 Nxd4
33. Rb2 Bc3 34. Rb1 Nf3 35. Kg2 Nd2 36. Ree1 Nxb1 37. Rxb1 Bd4 38. f4 Re8
39. Rd1 Re2+ 40. Kg3 Qf5 41. Bf3 Re3 42. Ne1 Bf6 43. a4 g5 44. fxg5 Be5+ 45.
Kf2 Ra3 46. h4 Ra2+ 47. Kg1 Qh3 48. Bg2 Qg3 49. h5 Bd6 50. h6 Bc5+ 51. Rd4
Bxd4+ 52. Kh1 Qh4+ 53. Bh3 Qxh3# {White checkmated} 0-1

[Event "GambitGuide"]
[Site "Internet Chess Club"]
[Date "2014.10.31"]
[Round "1"]
[White "JSBach"]
[Black "nsideurheadbro"]
[Result "1-0"]
[ICCResult "Black resigns"]
[WhiteElo "1690"]
[BlackElo "1184"]
[Opening "Vienna: `Frankenstein-Dracula' variation"]
[ECO "C27"]
[NIC "VG.02"]
[Time "13:14:29"]
[TimeControl "120+12"]

1. e4 e5 2. Nc3 Nf6 3. Bc4 Nxe4 4. Qh5 Nd6 5. Bb3 Nc6 6. Nb5 g6 7. Qf3 f5 8.
Qd5 Qe7 9. Nxc7+ Kd8 10. Nxa8 b6 11. d3 Bb7 12. Nxb6 axb6 13. Qf3 f4 14. Bd2
Bh6 15. Qh3 Bg5 16. Nf3 Bf6 17. Qg4 e4 18. dxe4 Qxe4+ 19. Kf1 Ba6+ 20. Kg1
Nd4 21. Nxd4 Bxd4 22. c3 Bc5 23. Re1 Qd3 24. Bxf4 Bxf2+ 25. Kxf2 Ne4+ 26.
Rxe4 Qxe4 27. Bg5+ {Black resigns} 1-0